%YAML 1.1
%TAG !u! tag:unity3d.com,2011:
--- !u!1 &2764794143892294254
GameObject:
  m_ObjectHideFlags: 0
  m_CorrespondingSourceObject: {fileID: 0}
  m_PrefabInstance: {fileID: 0}
  m_PrefabAsset: {fileID: 0}
  serializedVersion: 6
  m_Component:
  - component: {fileID: 7415932297899341277}
  m_Layer: 7
  m_Name: ExitPosition
  m_TagString: Untagged
  m_Icon: {fileID: 0}
  m_NavMeshLayer: 0
  m_StaticEditorFlags: 0
  m_IsActive: 1
--- !u!4 &7415932297899341277
Transform:
  m_ObjectHideFlags: 0
  m_CorrespondingSourceObject: {fileID: 0}
  m_PrefabInstance: {fileID: 0}
  m_PrefabAsset: {fileID: 0}
  m_GameObject: {fileID: 2764794143892294254}
  m_LocalRotation: {x: 0, y: 0, z: 0, w: 1}
  m_LocalPosition: {x: 5.5, y: 0, z: 0}
  m_LocalScale: {x: 1, y: 1, z: 1}
  m_Children: []
  m_Father: {fileID: 8367258941080555403}
  m_RootOrder: 14
  m_LocalEulerAnglesHint: {x: 0, y: 0, z: 0}
--- !u!114 &4862249800614773529
MonoBehaviour:
  m_ObjectHideFlags: 0
  m_CorrespondingSourceObject: {fileID: 0}
  m_PrefabInstance: {fileID: 0}
  m_PrefabAsset: {fileID: 0}
  m_GameObject: {fileID: 4643493814107124932}
  m_Enabled: 1
  m_EditorHideFlags: 0
  m_Script: {fileID: 11500000, guid: 8b3e78fccdfa87e4482791b4f127c89b, type: 3}
  m_Name: 
  m_EditorClassIdentifier: 
  interaction: 6
  buildingEmpty: {fileID: 0}
  buildingClosed: {fileID: 0}
  enemiesNearby: {fileID: 0}
--- !u!1 &7316042816666301295
GameObject:
  m_ObjectHideFlags: 0
  m_CorrespondingSourceObject: {fileID: 0}
  m_PrefabInstance: {fileID: 0}
  m_PrefabAsset: {fileID: 0}
  serializedVersion: 6
  m_Component:
  - component: {fileID: 3786124553818636763}
  m_Layer: 7
  m_Name: SleepPosition
  m_TagString: Untagged
  m_Icon: {fileID: 0}
  m_NavMeshLayer: 0
  m_StaticEditorFlags: 0
  m_IsActive: 1
--- !u!4 &3786124553818636763
Transform:
  m_ObjectHideFlags: 0
  m_CorrespondingSourceObject: {fileID: 0}
  m_PrefabInstance: {fileID: 0}
  m_PrefabAsset: {fileID: 0}
  m_GameObject: {fileID: 7316042816666301295}
  m_LocalRotation: {x: 0, y: 0, z: 0, w: 1}
  m_LocalPosition: {x: 0, y: 1, z: 0}
  m_LocalScale: {x: 1, y: 1, z: 1}
  m_Children: []
  m_Father: {fileID: 8367258941080555403}
  m_RootOrder: 15
  m_LocalEulerAnglesHint: {x: 0, y: 0, z: 0}
--- !u!1 &8367258941080555402
GameObject:
  m_ObjectHideFlags: 0
  m_CorrespondingSourceObject: {fileID: 0}
  m_PrefabInstance: {fileID: 0}
  m_PrefabAsset: {fileID: 0}
  serializedVersion: 6
  m_Component:
  - component: {fileID: 8367258941080555403}
  - component: {fileID: 350199118334890961}
  - component: {fileID: -4337014034796716579}
  - component: {fileID: 1847052698728667949}
  - component: {fileID: -2561650894347748096}
  m_Layer: 7
  m_Name: BO02 - Small House with Entrance
  m_TagString: Untagged
  m_Icon: {fileID: 0}
  m_NavMeshLayer: 0
  m_StaticEditorFlags: 4294967295
  m_IsActive: 1
--- !u!4 &8367258941080555403
Transform:
  m_ObjectHideFlags: 0
  m_CorrespondingSourceObject: {fileID: 0}
  m_PrefabInstance: {fileID: 0}
  m_PrefabAsset: {fileID: 0}
  m_GameObject: {fileID: 8367258941080555402}
  m_LocalRotation: {x: 0, y: 0, z: 0, w: 1}
  m_LocalPosition: {x: 0, y: 0, z: 0}
  m_LocalScale: {x: 1, y: 1, z: 1}
  m_Children:
  - {fileID: 8514715753403041495}
  - {fileID: 7783556755064210628}
  - {fileID: 3945725962534992179}
  - {fileID: 992928487069394727}
  - {fileID: 1787787590532576327}
  - {fileID: 7147053135559862011}
  - {fileID: 7688123420402235618}
  - {fileID: 2047124060095559267}
  - {fileID: 4927208876141476326}
  - {fileID: 3152762984555444210}
  - {fileID: 5032531094673390531}
  - {fileID: 5760052625154521905}
  - {fileID: 8034970445273679783}
  - {fileID: 8422292002704502384}
  - {fileID: 7415932297899341277}
  - {fileID: 3786124553818636763}
  m_Father: {fileID: 0}
  m_RootOrder: 0
  m_LocalEulerAnglesHint: {x: 0, y: 0, z: 0}
--- !u!65 &350199118334890961
BoxCollider:
  m_ObjectHideFlags: 0
  m_CorrespondingSourceObject: {fileID: 0}
  m_PrefabInstance: {fileID: 0}
  m_PrefabAsset: {fileID: 0}
  m_GameObject: {fileID: 8367258941080555402}
  m_Material: {fileID: 0}
  m_IsTrigger: 1
  m_Enabled: 0
  serializedVersion: 2
  m_Size: {x: 10, y: 10, z: 10}
  m_Center: {x: 0.2, y: 5, z: 0}
--- !u!54 &-4337014034796716579
Rigidbody:
  m_ObjectHideFlags: 0
  m_CorrespondingSourceObject: {fileID: 0}
  m_PrefabInstance: {fileID: 0}
  m_PrefabAsset: {fileID: 0}
  m_GameObject: {fileID: 8367258941080555402}
  serializedVersion: 2
  m_Mass: 1
  m_Drag: 0
  m_AngularDrag: 0.05
  m_UseGravity: 0
  m_IsKinematic: 1
  m_Interpolate: 0
  m_Constraints: 0
  m_CollisionDetection: 0
--- !u!114 &1847052698728667949
MonoBehaviour:
  m_ObjectHideFlags: 0
  m_CorrespondingSourceObject: {fileID: 0}
  m_PrefabInstance: {fileID: 0}
  m_PrefabAsset: {fileID: 0}
  m_GameObject: {fileID: 8367258941080555402}
  m_Enabled: 1
  m_EditorHideFlags: 0
  m_Script: {fileID: 11500000, guid: 828af2cd2e53aac44a4dad844da26af9, type: 3}
  m_Name: 
  m_EditorClassIdentifier: 
  recoveryRate: 0.1
  currentObject: {fileID: 777681703060734899}
  animationObject:
  - {fileID: 0}
  exitPosition: {fileID: 7415932297899341277}
  sleepPosition: {fileID: 3786124553818636763}
  enterPosition: {fileID: 7415932297899341277}
  lastParent: {fileID: 0}
  SleepRotation: {x: 0, y: 0, z: 0}
--- !u!64 &-2561650894347748096
MeshCollider:
  m_ObjectHideFlags: 0
  m_CorrespondingSourceObject: {fileID: 0}
  m_PrefabInstance: {fileID: 0}
  m_PrefabAsset: {fileID: 0}
  m_GameObject: {fileID: 8367258941080555402}
  m_Material: {fileID: 0}
  m_IsTrigger: 0
  m_Enabled: 1
  serializedVersion: 4
  m_Convex: 0
  m_CookingOptions: 30
  m_Mesh: {fileID: 0}
--- !u!114 &2879711992261160785
MonoBehaviour:
  m_ObjectHideFlags: 0
  m_CorrespondingSourceObject: {fileID: 0}
  m_PrefabInstance: {fileID: 0}
  m_PrefabAsset: {fileID: 0}
  m_GameObject: {fileID: 8769784461466454306}
  m_Enabled: 1
  m_EditorHideFlags: 0
  m_Script: {fileID: 11500000, guid: 469292c3794f5064a8c045323d89794c, type: 3}
  m_Name: 
  m_EditorClassIdentifier: 
  lightObject: {fileID: 6325294602741905942}
--- !u!1001 &243550107136537687
PrefabInstance:
  m_ObjectHideFlags: 0
  serializedVersion: 2
  m_Modification:
    m_TransformParent: {fileID: 8367258941080555403}
    m_Modifications:
    - target: {fileID: 5095374196431441812, guid: d27c9318bdb287a49a80c942bb9986af, type: 3}
      propertyPath: m_RootOrder
      value: 10
      objectReference: {fileID: 0}
    - target: {fileID: 5095374196431441812, guid: d27c9318bdb287a49a80c942bb9986af, type: 3}
      propertyPath: m_LocalPosition.x
      value: 0.36
      objectReference: {fileID: 0}
    - target: {fileID: 5095374196431441812, guid: d27c9318bdb287a49a80c942bb9986af, type: 3}
      propertyPath: m_LocalPosition.y
      value: 0
      objectReference: {fileID: 0}
    - target: {fileID: 5095374196431441812, guid: d27c9318bdb287a49a80c942bb9986af, type: 3}
      propertyPath: m_LocalPosition.z
      value: 2.97
      objectReference: {fileID: 0}
    - target: {fileID: 5095374196431441812, guid: d27c9318bdb287a49a80c942bb9986af, type: 3}
      propertyPath: m_LocalRotation.w
      value: 0.7071068
      objectReference: {fileID: 0}
    - target: {fileID: 5095374196431441812, guid: d27c9318bdb287a49a80c942bb9986af, type: 3}
      propertyPath: m_LocalRotation.x
      value: 0
      objectReference: {fileID: 0}
    - target: {fileID: 5095374196431441812, guid: d27c9318bdb287a49a80c942bb9986af, type: 3}
      propertyPath: m_LocalRotation.y
      value: -0.7071068
      objectReference: {fileID: 0}
    - target: {fileID: 5095374196431441812, guid: d27c9318bdb287a49a80c942bb9986af, type: 3}
      propertyPath: m_LocalRotation.z
      value: 0
      objectReference: {fileID: 0}
    - target: {fileID: 5095374196431441812, guid: d27c9318bdb287a49a80c942bb9986af, type: 3}
      propertyPath: m_LocalEulerAnglesHint.x
      value: 0
      objectReference: {fileID: 0}
    - target: {fileID: 5095374196431441812, guid: d27c9318bdb287a49a80c942bb9986af, type: 3}
      propertyPath: m_LocalEulerAnglesHint.y
      value: -90
      objectReference: {fileID: 0}
    - target: {fileID: 5095374196431441812, guid: d27c9318bdb287a49a80c942bb9986af, type: 3}
      propertyPath: m_LocalEulerAnglesHint.z
      value: 0
      objectReference: {fileID: 0}
    - target: {fileID: 8137228327827684743, guid: d27c9318bdb287a49a80c942bb9986af, type: 3}
      propertyPath: m_Name
      value: P_PROP_barrel_07
      objectReference: {fileID: 0}
    - target: {fileID: 8137228327827684743, guid: d27c9318bdb287a49a80c942bb9986af, type: 3}
      propertyPath: m_Layer
      value: 7
      objectReference: {fileID: 0}
    m_RemovedComponents: []
  m_SourcePrefab: {fileID: 100100000, guid: d27c9318bdb287a49a80c942bb9986af, type: 3}
--- !u!4 &5032531094673390531 stripped
Transform:
  m_CorrespondingSourceObject: {fileID: 5095374196431441812, guid: d27c9318bdb287a49a80c942bb9986af, type: 3}
  m_PrefabInstance: {fileID: 243550107136537687}
  m_PrefabAsset: {fileID: 0}
--- !u!1001 &1082524602533306793
PrefabInstance:
  m_ObjectHideFlags: 0
  serializedVersion: 2
  m_Modification:
    m_TransformParent: {fileID: 8367258941080555403}
    m_Modifications:
    - target: {fileID: 2222100380063574244, guid: 28cb4185461d9fc468a2af44ea6966b5, type: 3}
      propertyPath: m_Intensity
      value: 3.64
      objectReference: {fileID: 0}
    - target: {fileID: 2222100380063574244, guid: 28cb4185461d9fc468a2af44ea6966b5, type: 3}
      propertyPath: m_RenderMode
      value: 1
      objectReference: {fileID: 0}
    - target: {fileID: 4677611892934072984, guid: 28cb4185461d9fc468a2af44ea6966b5, type: 3}
      propertyPath: m_RootOrder
      value: 11
      objectReference: {fileID: 0}
    - target: {fileID: 4677611892934072984, guid: 28cb4185461d9fc468a2af44ea6966b5, type: 3}
      propertyPath: m_LocalScale.x
      value: 0.771825
      objectReference: {fileID: 0}
    - target: {fileID: 4677611892934072984, guid: 28cb4185461d9fc468a2af44ea6966b5, type: 3}
      propertyPath: m_LocalScale.y
      value: 0.7718239
      objectReference: {fileID: 0}
    - target: {fileID: 4677611892934072984, guid: 28cb4185461d9fc468a2af44ea6966b5, type: 3}
      propertyPath: m_LocalScale.z
      value: 0.771825
      objectReference: {fileID: 0}
    - target: {fileID: 4677611892934072984, guid: 28cb4185461d9fc468a2af44ea6966b5, type: 3}
      propertyPath: m_LocalPosition.x
      value: 3.2730453
      objectReference: {fileID: 0}
    - target: {fileID: 4677611892934072984, guid: 28cb4185461d9fc468a2af44ea6966b5, type: 3}
      propertyPath: m_LocalPosition.y
      value: 3.0457504
      objectReference: {fileID: 0}
    - target: {fileID: 4677611892934072984, guid: 28cb4185461d9fc468a2af44ea6966b5, type: 3}
      propertyPath: m_LocalPosition.z
      value: -0.9698996
      objectReference: {fileID: 0}
    - target: {fileID: 4677611892934072984, guid: 28cb4185461d9fc468a2af44ea6966b5, type: 3}
      propertyPath: m_LocalRotation.w
      value: 0.9999989
      objectReference: {fileID: 0}
    - target: {fileID: 4677611892934072984, guid: 28cb4185461d9fc468a2af44ea6966b5, type: 3}
      propertyPath: m_LocalRotation.x
      value: -0
      objectReference: {fileID: 0}
    - target: {fileID: 4677611892934072984, guid: 28cb4185461d9fc468a2af44ea6966b5, type: 3}
      propertyPath: m_LocalRotation.y
      value: -0.00151366
      objectReference: {fileID: 0}
    - target: {fileID: 4677611892934072984, guid: 28cb4185461d9fc468a2af44ea6966b5, type: 3}
      propertyPath: m_LocalRotation.z
      value: -0
      objectReference: {fileID: 0}
    - target: {fileID: 4677611892934072984, guid: 28cb4185461d9fc468a2af44ea6966b5, type: 3}
      propertyPath: m_LocalEulerAnglesHint.x
      value: 0
      objectReference: {fileID: 0}
    - target: {fileID: 4677611892934072984, guid: 28cb4185461d9fc468a2af44ea6966b5, type: 3}
      propertyPath: m_LocalEulerAnglesHint.y
      value: -90.16701
      objectReference: {fileID: 0}
    - target: {fileID: 4677611892934072984, guid: 28cb4185461d9fc468a2af44ea6966b5, type: 3}
      propertyPath: m_LocalEulerAnglesHint.z
      value: 0
      objectReference: {fileID: 0}
    - target: {fileID: 5556022130485097593, guid: 28cb4185461d9fc468a2af44ea6966b5, type: 3}
      propertyPath: m_LocalPosition.y
      value: -1
      objectReference: {fileID: 0}
    - target: {fileID: 6395695922814000063, guid: 28cb4185461d9fc468a2af44ea6966b5, type: 3}
      propertyPath: m_Layer
      value: 7
      objectReference: {fileID: 0}
    - target: {fileID: 8552739089209403531, guid: 28cb4185461d9fc468a2af44ea6966b5, type: 3}
      propertyPath: m_Name
      value: P_PROP_lantern_02
      objectReference: {fileID: 0}
    - target: {fileID: 8552739089209403531, guid: 28cb4185461d9fc468a2af44ea6966b5, type: 3}
      propertyPath: m_Layer
      value: 7
      objectReference: {fileID: 0}
    m_RemovedComponents: []
  m_SourcePrefab: {fileID: 100100000, guid: 28cb4185461d9fc468a2af44ea6966b5, type: 3}
--- !u!1 &8769784461466454306 stripped
GameObject:
  m_CorrespondingSourceObject: {fileID: 8552739089209403531, guid: 28cb4185461d9fc468a2af44ea6966b5, type: 3}
  m_PrefabInstance: {fileID: 1082524602533306793}
  m_PrefabAsset: {fileID: 0}
--- !u!1 &6325294602741905942 stripped
GameObject:
  m_CorrespondingSourceObject: {fileID: 6395695922814000063, guid: 28cb4185461d9fc468a2af44ea6966b5, type: 3}
  m_PrefabInstance: {fileID: 1082524602533306793}
  m_PrefabAsset: {fileID: 0}
--- !u!4 &5760052625154521905 stripped
Transform:
  m_CorrespondingSourceObject: {fileID: 4677611892934072984, guid: 28cb4185461d9fc468a2af44ea6966b5, type: 3}
  m_PrefabInstance: {fileID: 1082524602533306793}
  m_PrefabAsset: {fileID: 0}
--- !u!1001 &2007689648627971890
PrefabInstance:
  m_ObjectHideFlags: 0
  serializedVersion: 2
  m_Modification:
    m_TransformParent: {fileID: 8367258941080555403}
    m_Modifications:
    - target: {fileID: 4720715107436708325, guid: 7997656c433e9bd4bb109d069b4c94d8, type: 3}
      propertyPath: m_Name
      value: P_BLD_body_v02_02
      objectReference: {fileID: 0}
    - target: {fileID: 4720715107436708325, guid: 7997656c433e9bd4bb109d069b4c94d8, type: 3}
      propertyPath: m_Layer
      value: 7
      objectReference: {fileID: 0}
    - target: {fileID: 4720715107436708325, guid: 7997656c433e9bd4bb109d069b4c94d8, type: 3}
      propertyPath: m_StaticEditorFlags
      value: 4294967295
      objectReference: {fileID: 0}
    - target: {fileID: 8635653076142994422, guid: 7997656c433e9bd4bb109d069b4c94d8, type: 3}
      propertyPath: m_RootOrder
      value: 1
      objectReference: {fileID: 0}
    - target: {fileID: 8635653076142994422, guid: 7997656c433e9bd4bb109d069b4c94d8, type: 3}
      propertyPath: m_LocalPosition.x
      value: -0
      objectReference: {fileID: 0}
    - target: {fileID: 8635653076142994422, guid: 7997656c433e9bd4bb109d069b4c94d8, type: 3}
      propertyPath: m_LocalPosition.y
      value: 0
      objectReference: {fileID: 0}
    - target: {fileID: 8635653076142994422, guid: 7997656c433e9bd4bb109d069b4c94d8, type: 3}
      propertyPath: m_LocalPosition.z
      value: 0
      objectReference: {fileID: 0}
    - target: {fileID: 8635653076142994422, guid: 7997656c433e9bd4bb109d069b4c94d8, type: 3}
      propertyPath: m_LocalRotation.w
      value: 1
      objectReference: {fileID: 0}
    - target: {fileID: 8635653076142994422, guid: 7997656c433e9bd4bb109d069b4c94d8, type: 3}
      propertyPath: m_LocalRotation.x
      value: 0
      objectReference: {fileID: 0}
    - target: {fileID: 8635653076142994422, guid: 7997656c433e9bd4bb109d069b4c94d8, type: 3}
      propertyPath: m_LocalRotation.y
      value: -0
      objectReference: {fileID: 0}
    - target: {fileID: 8635653076142994422, guid: 7997656c433e9bd4bb109d069b4c94d8, type: 3}
      propertyPath: m_LocalRotation.z
      value: -0
      objectReference: {fileID: 0}
    - target: {fileID: 8635653076142994422, guid: 7997656c433e9bd4bb109d069b4c94d8, type: 3}
      propertyPath: m_LocalEulerAnglesHint.x
      value: 0
      objectReference: {fileID: 0}
    - target: {fileID: 8635653076142994422, guid: 7997656c433e9bd4bb109d069b4c94d8, type: 3}
      propertyPath: m_LocalEulerAnglesHint.y
      value: 0
      objectReference: {fileID: 0}
    - target: {fileID: 8635653076142994422, guid: 7997656c433e9bd4bb109d069b4c94d8, type: 3}
      propertyPath: m_LocalEulerAnglesHint.z
      value: 0
      objectReference: {fileID: 0}
    m_RemovedComponents: []
  m_SourcePrefab: {fileID: 100100000, guid: 7997656c433e9bd4bb109d069b4c94d8, type: 3}
--- !u!4 &7783556755064210628 stripped
Transform:
  m_CorrespondingSourceObject: {fileID: 8635653076142994422, guid: 7997656c433e9bd4bb109d069b4c94d8, type: 3}
  m_PrefabInstance: {fileID: 2007689648627971890}
  m_PrefabAsset: {fileID: 0}
--- !u!1001 &2900274599877408142
PrefabInstance:
  m_ObjectHideFlags: 0
  serializedVersion: 2
  m_Modification:
    m_TransformParent: {fileID: 8367258941080555403}
    m_Modifications:
    - target: {fileID: 480758084891489242, guid: 75c9be8c708682a4d9efc888ccf7e7da, type: 3}
      propertyPath: m_Name
      value: P_BLD_stairs_v01_01
      objectReference: {fileID: 0}
    - target: {fileID: 480758084891489242, guid: 75c9be8c708682a4d9efc888ccf7e7da, type: 3}
      propertyPath: m_Layer
      value: 7
      objectReference: {fileID: 0}
    - target: {fileID: 480758084891489242, guid: 75c9be8c708682a4d9efc888ccf7e7da, type: 3}
      propertyPath: m_TagString
      value: Building
      objectReference: {fileID: 0}
    - target: {fileID: 480758084891489242, guid: 75c9be8c708682a4d9efc888ccf7e7da, type: 3}
      propertyPath: m_StaticEditorFlags
      value: 4294967295
      objectReference: {fileID: 0}
    - target: {fileID: 1255450020389355030, guid: 75c9be8c708682a4d9efc888ccf7e7da, type: 3}
      propertyPath: m_Convex
      value: 0
      objectReference: {fileID: 0}
    - target: {fileID: 3526502361676399049, guid: 75c9be8c708682a4d9efc888ccf7e7da, type: 3}
      propertyPath: m_RootOrder
      value: 4
      objectReference: {fileID: 0}
    - target: {fileID: 3526502361676399049, guid: 75c9be8c708682a4d9efc888ccf7e7da, type: 3}
      propertyPath: m_LocalScale.x
      value: 1.8051
      objectReference: {fileID: 0}
    - target: {fileID: 3526502361676399049, guid: 75c9be8c708682a4d9efc888ccf7e7da, type: 3}
      propertyPath: m_LocalScale.y
      value: 0.75755876
      objectReference: {fileID: 0}
    - target: {fileID: 3526502361676399049, guid: 75c9be8c708682a4d9efc888ccf7e7da, type: 3}
      propertyPath: m_LocalPosition.x
      value: 2.59
      objectReference: {fileID: 0}
    - target: {fileID: 3526502361676399049, guid: 75c9be8c708682a4d9efc888ccf7e7da, type: 3}
      propertyPath: m_LocalPosition.y
      value: 0
      objectReference: {fileID: 0}
    - target: {fileID: 3526502361676399049, guid: 75c9be8c708682a4d9efc888ccf7e7da, type: 3}
      propertyPath: m_LocalPosition.z
      value: 0
      objectReference: {fileID: 0}
    - target: {fileID: 3526502361676399049, guid: 75c9be8c708682a4d9efc888ccf7e7da, type: 3}
      propertyPath: m_LocalRotation.w
      value: 0.7071223
      objectReference: {fileID: 0}
    - target: {fileID: 3526502361676399049, guid: 75c9be8c708682a4d9efc888ccf7e7da, type: 3}
      propertyPath: m_LocalRotation.x
      value: -0
      objectReference: {fileID: 0}
    - target: {fileID: 3526502361676399049, guid: 75c9be8c708682a4d9efc888ccf7e7da, type: 3}
      propertyPath: m_LocalRotation.y
      value: 0.70709133
      objectReference: {fileID: 0}
    - target: {fileID: 3526502361676399049, guid: 75c9be8c708682a4d9efc888ccf7e7da, type: 3}
      propertyPath: m_LocalRotation.z
      value: -0
      objectReference: {fileID: 0}
    - target: {fileID: 3526502361676399049, guid: 75c9be8c708682a4d9efc888ccf7e7da, type: 3}
      propertyPath: m_LocalEulerAnglesHint.x
      value: 0
      objectReference: {fileID: 0}
    - target: {fileID: 3526502361676399049, guid: 75c9be8c708682a4d9efc888ccf7e7da, type: 3}
      propertyPath: m_LocalEulerAnglesHint.y
      value: 89.997
      objectReference: {fileID: 0}
    - target: {fileID: 3526502361676399049, guid: 75c9be8c708682a4d9efc888ccf7e7da, type: 3}
      propertyPath: m_LocalEulerAnglesHint.z
      value: 0
      objectReference: {fileID: 0}
    m_RemovedComponents: []
  m_SourcePrefab: {fileID: 100100000, guid: 75c9be8c708682a4d9efc888ccf7e7da, type: 3}
--- !u!4 &1787787590532576327 stripped
Transform:
  m_CorrespondingSourceObject: {fileID: 3526502361676399049, guid: 75c9be8c708682a4d9efc888ccf7e7da, type: 3}
  m_PrefabInstance: {fileID: 2900274599877408142}
  m_PrefabAsset: {fileID: 0}
--- !u!1001 &2927528898677116311
PrefabInstance:
  m_ObjectHideFlags: 0
  serializedVersion: 2
  m_Modification:
    m_TransformParent: {fileID: 8367258941080555403}
    m_Modifications:
    - target: {fileID: 6812526597826267968, guid: c1725c8f926b2e245ae535c46c9082ca, type: 3}
      propertyPath: m_RootOrder
      value: 0
      objectReference: {fileID: 0}
    - target: {fileID: 6812526597826267968, guid: c1725c8f926b2e245ae535c46c9082ca, type: 3}
      propertyPath: m_LocalPosition.x
      value: 2.52
      objectReference: {fileID: 0}
    - target: {fileID: 6812526597826267968, guid: c1725c8f926b2e245ae535c46c9082ca, type: 3}
      propertyPath: m_LocalPosition.y
      value: 0.69
      objectReference: {fileID: 0}
    - target: {fileID: 6812526597826267968, guid: c1725c8f926b2e245ae535c46c9082ca, type: 3}
      propertyPath: m_LocalPosition.z
      value: 0
      objectReference: {fileID: 0}
    - target: {fileID: 6812526597826267968, guid: c1725c8f926b2e245ae535c46c9082ca, type: 3}
      propertyPath: m_LocalRotation.w
      value: 0.70715284
      objectReference: {fileID: 0}
    - target: {fileID: 6812526597826267968, guid: c1725c8f926b2e245ae535c46c9082ca, type: 3}
      propertyPath: m_LocalRotation.x
      value: -0
      objectReference: {fileID: 0}
    - target: {fileID: 6812526597826267968, guid: c1725c8f926b2e245ae535c46c9082ca, type: 3}
      propertyPath: m_LocalRotation.y
      value: 0.7070608
      objectReference: {fileID: 0}
    - target: {fileID: 6812526597826267968, guid: c1725c8f926b2e245ae535c46c9082ca, type: 3}
      propertyPath: m_LocalRotation.z
      value: -0
      objectReference: {fileID: 0}
    - target: {fileID: 6812526597826267968, guid: c1725c8f926b2e245ae535c46c9082ca, type: 3}
      propertyPath: m_LocalEulerAnglesHint.x
      value: 0
      objectReference: {fileID: 0}
    - target: {fileID: 6812526597826267968, guid: c1725c8f926b2e245ae535c46c9082ca, type: 3}
      propertyPath: m_LocalEulerAnglesHint.y
      value: 89.993004
      objectReference: {fileID: 0}
    - target: {fileID: 6812526597826267968, guid: c1725c8f926b2e245ae535c46c9082ca, type: 3}
      propertyPath: m_LocalEulerAnglesHint.z
      value: 0
      objectReference: {fileID: 0}
    - target: {fileID: 7553008266691950931, guid: c1725c8f926b2e245ae535c46c9082ca, type: 3}
      propertyPath: m_Name
      value: P_BLD_door_v03_01
      objectReference: {fileID: 0}
    - target: {fileID: 7553008266691950931, guid: c1725c8f926b2e245ae535c46c9082ca, type: 3}
      propertyPath: m_Layer
      value: 7
      objectReference: {fileID: 0}
    - target: {fileID: 7553008266691950931, guid: c1725c8f926b2e245ae535c46c9082ca, type: 3}
      propertyPath: m_TagString
      value: Home
      objectReference: {fileID: 0}
    - target: {fileID: 7553008266691950931, guid: c1725c8f926b2e245ae535c46c9082ca, type: 3}
      propertyPath: m_StaticEditorFlags
      value: 4294967295
      objectReference: {fileID: 0}
    m_RemovedComponents: []
  m_SourcePrefab: {fileID: 100100000, guid: c1725c8f926b2e245ae535c46c9082ca, type: 3}
--- !u!4 &8514715753403041495 stripped
Transform:
  m_CorrespondingSourceObject: {fileID: 6812526597826267968, guid: c1725c8f926b2e245ae535c46c9082ca, type: 3}
  m_PrefabInstance: {fileID: 2927528898677116311}
  m_PrefabAsset: {fileID: 0}
--- !u!1 &4643493814107124932 stripped
GameObject:
  m_CorrespondingSourceObject: {fileID: 7553008266691950931, guid: c1725c8f926b2e245ae535c46c9082ca, type: 3}
  m_PrefabInstance: {fileID: 2927528898677116311}
  m_PrefabAsset: {fileID: 0}
--- !u!1001 &3216584363300125008
PrefabInstance:
  m_ObjectHideFlags: 0
  serializedVersion: 2
  m_Modification:
    m_TransformParent: {fileID: 8367258941080555403}
    m_Modifications:
    - target: {fileID: 472908523024694560, guid: dfc55d85bc17d8f4d87050d8dd17f50e, type: 3}
      propertyPath: m_Name
      value: P_BLD_window_v06_01
      objectReference: {fileID: 0}
    - target: {fileID: 472908523024694560, guid: dfc55d85bc17d8f4d87050d8dd17f50e, type: 3}
      propertyPath: m_Layer
      value: 7
      objectReference: {fileID: 0}
    - target: {fileID: 472908523024694560, guid: dfc55d85bc17d8f4d87050d8dd17f50e, type: 3}
      propertyPath: m_StaticEditorFlags
      value: 4294967295
      objectReference: {fileID: 0}
    - target: {fileID: 3182911613111788804, guid: dfc55d85bc17d8f4d87050d8dd17f50e, type: 3}
      propertyPath: m_Enabled
      value: 0
      objectReference: {fileID: 0}
    - target: {fileID: 3515976584029982515, guid: dfc55d85bc17d8f4d87050d8dd17f50e, type: 3}
      propertyPath: m_RootOrder
      value: 7
      objectReference: {fileID: 0}
    - target: {fileID: 3515976584029982515, guid: dfc55d85bc17d8f4d87050d8dd17f50e, type: 3}
      propertyPath: m_LocalPosition.x
      value: -0
      objectReference: {fileID: 0}
    - target: {fileID: 3515976584029982515, guid: dfc55d85bc17d8f4d87050d8dd17f50e, type: 3}
      propertyPath: m_LocalPosition.y
      value: 5.478
      objectReference: {fileID: 0}
    - target: {fileID: 3515976584029982515, guid: dfc55d85bc17d8f4d87050d8dd17f50e, type: 3}
      propertyPath: m_LocalPosition.z
      value: 2.731
      objectReference: {fileID: 0}
    - target: {fileID: 3515976584029982515, guid: dfc55d85bc17d8f4d87050d8dd17f50e, type: 3}
      propertyPath: m_LocalRotation.w
      value: 1
      objectReference: {fileID: 0}
    - target: {fileID: 3515976584029982515, guid: dfc55d85bc17d8f4d87050d8dd17f50e, type: 3}
      propertyPath: m_LocalRotation.x
      value: 0
      objectReference: {fileID: 0}
    - target: {fileID: 3515976584029982515, guid: dfc55d85bc17d8f4d87050d8dd17f50e, type: 3}
      propertyPath: m_LocalRotation.y
      value: -0
      objectReference: {fileID: 0}
    - target: {fileID: 3515976584029982515, guid: dfc55d85bc17d8f4d87050d8dd17f50e, type: 3}
      propertyPath: m_LocalRotation.z
      value: -0
      objectReference: {fileID: 0}
    - target: {fileID: 3515976584029982515, guid: dfc55d85bc17d8f4d87050d8dd17f50e, type: 3}
      propertyPath: m_LocalEulerAnglesHint.x
      value: 0
      objectReference: {fileID: 0}
    - target: {fileID: 3515976584029982515, guid: dfc55d85bc17d8f4d87050d8dd17f50e, type: 3}
      propertyPath: m_LocalEulerAnglesHint.y
      value: 0
      objectReference: {fileID: 0}
    - target: {fileID: 3515976584029982515, guid: dfc55d85bc17d8f4d87050d8dd17f50e, type: 3}
      propertyPath: m_LocalEulerAnglesHint.z
      value: 0
      objectReference: {fileID: 0}
    m_RemovedComponents: []
  m_SourcePrefab: {fileID: 100100000, guid: dfc55d85bc17d8f4d87050d8dd17f50e, type: 3}
--- !u!4 &2047124060095559267 stripped
Transform:
  m_CorrespondingSourceObject: {fileID: 3515976584029982515, guid: dfc55d85bc17d8f4d87050d8dd17f50e, type: 3}
  m_PrefabInstance: {fileID: 3216584363300125008}
  m_PrefabAsset: {fileID: 0}
--- !u!1001 &3454039701227685329
PrefabInstance:
  m_ObjectHideFlags: 0
  serializedVersion: 2
  m_Modification:
    m_TransformParent: {fileID: 8367258941080555403}
    m_Modifications:
    - target: {fileID: 1814174486395288802, guid: ae6c36e006221974c81690dda5afa062, type: 3}
      propertyPath: m_RootOrder
      value: 2
      objectReference: {fileID: 0}
    - target: {fileID: 1814174486395288802, guid: ae6c36e006221974c81690dda5afa062, type: 3}
      propertyPath: m_LocalPosition.x
      value: 0
      objectReference: {fileID: 0}
    - target: {fileID: 1814174486395288802, guid: ae6c36e006221974c81690dda5afa062, type: 3}
      propertyPath: m_LocalPosition.y
      value: 7.63
      objectReference: {fileID: 0}
    - target: {fileID: 1814174486395288802, guid: ae6c36e006221974c81690dda5afa062, type: 3}
      propertyPath: m_LocalPosition.z
      value: 0.15
      objectReference: {fileID: 0}
    - target: {fileID: 1814174486395288802, guid: ae6c36e006221974c81690dda5afa062, type: 3}
      propertyPath: m_LocalRotation.w
      value: 1
      objectReference: {fileID: 0}
    - target: {fileID: 1814174486395288802, guid: ae6c36e006221974c81690dda5afa062, type: 3}
      propertyPath: m_LocalRotation.x
      value: -0
      objectReference: {fileID: 0}
    - target: {fileID: 1814174486395288802, guid: ae6c36e006221974c81690dda5afa062, type: 3}
      propertyPath: m_LocalRotation.y
      value: -0
      objectReference: {fileID: 0}
    - target: {fileID: 1814174486395288802, guid: ae6c36e006221974c81690dda5afa062, type: 3}
      propertyPath: m_LocalRotation.z
      value: -0
      objectReference: {fileID: 0}
    - target: {fileID: 1814174486395288802, guid: ae6c36e006221974c81690dda5afa062, type: 3}
      propertyPath: m_LocalEulerAnglesHint.x
      value: 0
      objectReference: {fileID: 0}
    - target: {fileID: 1814174486395288802, guid: ae6c36e006221974c81690dda5afa062, type: 3}
      propertyPath: m_LocalEulerAnglesHint.y
      value: 0
      objectReference: {fileID: 0}
    - target: {fileID: 1814174486395288802, guid: ae6c36e006221974c81690dda5afa062, type: 3}
      propertyPath: m_LocalEulerAnglesHint.z
      value: 0
      objectReference: {fileID: 0}
    - target: {fileID: 3420035100182318833, guid: ae6c36e006221974c81690dda5afa062, type: 3}
      propertyPath: m_Name
      value: P_BLD_beam_big_v03_03
      objectReference: {fileID: 0}
    - target: {fileID: 3420035100182318833, guid: ae6c36e006221974c81690dda5afa062, type: 3}
      propertyPath: m_Layer
      value: 7
      objectReference: {fileID: 0}
    - target: {fileID: 3420035100182318833, guid: ae6c36e006221974c81690dda5afa062, type: 3}
      propertyPath: m_StaticEditorFlags
      value: 4294967295
      objectReference: {fileID: 0}
    m_RemovedComponents: []
  m_SourcePrefab: {fileID: 100100000, guid: ae6c36e006221974c81690dda5afa062, type: 3}
--- !u!4 &3945725962534992179 stripped
Transform:
  m_CorrespondingSourceObject: {fileID: 1814174486395288802, guid: ae6c36e006221974c81690dda5afa062, type: 3}
  m_PrefabInstance: {fileID: 3454039701227685329}
  m_PrefabAsset: {fileID: 0}
--- !u!1001 &4423023630571111246
PrefabInstance:
  m_ObjectHideFlags: 0
  serializedVersion: 2
  m_Modification:
    m_TransformParent: {fileID: 8367258941080555403}
    m_Modifications:
    - target: {fileID: 503684509807171194, guid: 7374fdae9627647429a11e5ccfc26427, type: 3}
      propertyPath: m_Name
      value: P_BLD_beam_small_v04_02
      objectReference: {fileID: 0}
    - target: {fileID: 503684509807171194, guid: 7374fdae9627647429a11e5ccfc26427, type: 3}
      propertyPath: m_Layer
      value: 7
      objectReference: {fileID: 0}
    - target: {fileID: 503684509807171194, guid: 7374fdae9627647429a11e5ccfc26427, type: 3}
      propertyPath: m_StaticEditorFlags
      value: 4294967295
      objectReference: {fileID: 0}
    - target: {fileID: 3505537448328995945, guid: 7374fdae9627647429a11e5ccfc26427, type: 3}
      propertyPath: m_RootOrder
      value: 3
      objectReference: {fileID: 0}
    - target: {fileID: 3505537448328995945, guid: 7374fdae9627647429a11e5ccfc26427, type: 3}
      propertyPath: m_LocalScale.x
      value: 0.4952951
      objectReference: {fileID: 0}
    - target: {fileID: 3505537448328995945, guid: 7374fdae9627647429a11e5ccfc26427, type: 3}
      propertyPath: m_LocalScale.y
      value: 0.49529478
      objectReference: {fileID: 0}
    - target: {fileID: 3505537448328995945, guid: 7374fdae9627647429a11e5ccfc26427, type: 3}
      propertyPath: m_LocalScale.z
      value: 0.4952951
      objectReference: {fileID: 0}
    - target: {fileID: 3505537448328995945, guid: 7374fdae9627647429a11e5ccfc26427, type: 3}
      propertyPath: m_LocalPosition.x
      value: 2.383
      objectReference: {fileID: 0}
    - target: {fileID: 3505537448328995945, guid: 7374fdae9627647429a11e5ccfc26427, type: 3}
      propertyPath: m_LocalPosition.y
      value: 3.23
      objectReference: {fileID: 0}
    - target: {fileID: 3505537448328995945, guid: 7374fdae9627647429a11e5ccfc26427, type: 3}
      propertyPath: m_LocalPosition.z
      value: -0.97
      objectReference: {fileID: 0}
    - target: {fileID: 3505537448328995945, guid: 7374fdae9627647429a11e5ccfc26427, type: 3}
      propertyPath: m_LocalRotation.w
      value: 0.70714676
      objectReference: {fileID: 0}
    - target: {fileID: 3505537448328995945, guid: 7374fdae9627647429a11e5ccfc26427, type: 3}
      propertyPath: m_LocalRotation.x
      value: -0
      objectReference: {fileID: 0}
    - target: {fileID: 3505537448328995945, guid: 7374fdae9627647429a11e5ccfc26427, type: 3}
      propertyPath: m_LocalRotation.y
      value: 0.7070669
      objectReference: {fileID: 0}
    - target: {fileID: 3505537448328995945, guid: 7374fdae9627647429a11e5ccfc26427, type: 3}
      propertyPath: m_LocalRotation.z
      value: -0
      objectReference: {fileID: 0}
    - target: {fileID: 3505537448328995945, guid: 7374fdae9627647429a11e5ccfc26427, type: 3}
      propertyPath: m_LocalEulerAnglesHint.x
      value: 0
      objectReference: {fileID: 0}
    - target: {fileID: 3505537448328995945, guid: 7374fdae9627647429a11e5ccfc26427, type: 3}
      propertyPath: m_LocalEulerAnglesHint.y
      value: 89.994
      objectReference: {fileID: 0}
    - target: {fileID: 3505537448328995945, guid: 7374fdae9627647429a11e5ccfc26427, type: 3}
      propertyPath: m_LocalEulerAnglesHint.z
      value: 0
      objectReference: {fileID: 0}
    m_RemovedComponents: []
  m_SourcePrefab: {fileID: 100100000, guid: 7374fdae9627647429a11e5ccfc26427, type: 3}
--- !u!4 &992928487069394727 stripped
Transform:
  m_CorrespondingSourceObject: {fileID: 3505537448328995945, guid: 7374fdae9627647429a11e5ccfc26427, type: 3}
  m_PrefabInstance: {fileID: 4423023630571111246}
  m_PrefabAsset: {fileID: 0}
--- !u!1001 &5260492061490172348
PrefabInstance:
  m_ObjectHideFlags: 0
  serializedVersion: 2
  m_Modification:
    m_TransformParent: {fileID: 8367258941080555403}
    m_Modifications:
    - target: {fileID: 1670896650944768568, guid: 54b9ccbe4b2274040862cf3d6a8c1f8c, type: 3}
      propertyPath: m_Enabled
      value: 0
      objectReference: {fileID: 0}
    - target: {fileID: 6096327202710344797, guid: 54b9ccbe4b2274040862cf3d6a8c1f8c, type: 3}
      propertyPath: m_Name
      value: P_BLD_window_v08_02
      objectReference: {fileID: 0}
    - target: {fileID: 6096327202710344797, guid: 54b9ccbe4b2274040862cf3d6a8c1f8c, type: 3}
      propertyPath: m_Layer
      value: 7
      objectReference: {fileID: 0}
    - target: {fileID: 6096327202710344797, guid: 54b9ccbe4b2274040862cf3d6a8c1f8c, type: 3}
      propertyPath: m_StaticEditorFlags
      value: 4294967295
      objectReference: {fileID: 0}
    - target: {fileID: 7116207009536353870, guid: 54b9ccbe4b2274040862cf3d6a8c1f8c, type: 3}
      propertyPath: m_RootOrder
      value: 9
      objectReference: {fileID: 0}
    - target: {fileID: 7116207009536353870, guid: 54b9ccbe4b2274040862cf3d6a8c1f8c, type: 3}
      propertyPath: m_LocalScale.x
      value: 1.2265
      objectReference: {fileID: 0}
    - target: {fileID: 7116207009536353870, guid: 54b9ccbe4b2274040862cf3d6a8c1f8c, type: 3}
      propertyPath: m_LocalScale.y
      value: 1.2265
      objectReference: {fileID: 0}
    - target: {fileID: 7116207009536353870, guid: 54b9ccbe4b2274040862cf3d6a8c1f8c, type: 3}
      propertyPath: m_LocalScale.z
      value: 1.2265
      objectReference: {fileID: 0}
    - target: {fileID: 7116207009536353870, guid: 54b9ccbe4b2274040862cf3d6a8c1f8c, type: 3}
      propertyPath: m_LocalPosition.x
      value: -2.352
      objectReference: {fileID: 0}
    - target: {fileID: 7116207009536353870, guid: 54b9ccbe4b2274040862cf3d6a8c1f8c, type: 3}
      propertyPath: m_LocalPosition.y
      value: 2.428
      objectReference: {fileID: 0}
    - target: {fileID: 7116207009536353870, guid: 54b9ccbe4b2274040862cf3d6a8c1f8c, type: 3}
      propertyPath: m_LocalPosition.z
      value: 0.022
      objectReference: {fileID: 0}
    - target: {fileID: 7116207009536353870, guid: 54b9ccbe4b2274040862cf3d6a8c1f8c, type: 3}
      propertyPath: m_LocalRotation.w
      value: 0.70715964
      objectReference: {fileID: 0}
    - target: {fileID: 7116207009536353870, guid: 54b9ccbe4b2274040862cf3d6a8c1f8c, type: 3}
      propertyPath: m_LocalRotation.x
      value: -0
      objectReference: {fileID: 0}
    - target: {fileID: 7116207009536353870, guid: 54b9ccbe4b2274040862cf3d6a8c1f8c, type: 3}
      propertyPath: m_LocalRotation.y
      value: -0.7070539
      objectReference: {fileID: 0}
    - target: {fileID: 7116207009536353870, guid: 54b9ccbe4b2274040862cf3d6a8c1f8c, type: 3}
      propertyPath: m_LocalRotation.z
      value: -0
      objectReference: {fileID: 0}
    - target: {fileID: 7116207009536353870, guid: 54b9ccbe4b2274040862cf3d6a8c1f8c, type: 3}
      propertyPath: m_LocalEulerAnglesHint.x
      value: 0
      objectReference: {fileID: 0}
    - target: {fileID: 7116207009536353870, guid: 54b9ccbe4b2274040862cf3d6a8c1f8c, type: 3}
      propertyPath: m_LocalEulerAnglesHint.y
      value: -89.991005
      objectReference: {fileID: 0}
    - target: {fileID: 7116207009536353870, guid: 54b9ccbe4b2274040862cf3d6a8c1f8c, type: 3}
      propertyPath: m_LocalEulerAnglesHint.z
      value: 0
      objectReference: {fileID: 0}
    m_RemovedComponents: []
  m_SourcePrefab: {fileID: 100100000, guid: 54b9ccbe4b2274040862cf3d6a8c1f8c, type: 3}
--- !u!4 &3152762984555444210 stripped
Transform:
  m_CorrespondingSourceObject: {fileID: 7116207009536353870, guid: 54b9ccbe4b2274040862cf3d6a8c1f8c, type: 3}
  m_PrefabInstance: {fileID: 5260492061490172348}
  m_PrefabAsset: {fileID: 0}
--- !u!1001 &5448128567525869834
PrefabInstance:
  m_ObjectHideFlags: 0
  serializedVersion: 2
  m_Modification:
    m_TransformParent: {fileID: 7147053135559862011}
    m_Modifications:
    - target: {fileID: 4706619441694397512, guid: 9ece5b1a8c16cec42b0bf624c20d0c88, type: 3}
      propertyPath: m_Materials.Array.size
      value: 1
      objectReference: {fileID: 0}
    - target: {fileID: 4706619441694397514, guid: 9ece5b1a8c16cec42b0bf624c20d0c88, type: 3}
      propertyPath: m_Layer
      value: 7
      objectReference: {fileID: 0}
    - target: {fileID: 4706619441694397559, guid: 9ece5b1a8c16cec42b0bf624c20d0c88, type: 3}
      propertyPath: prewarm
      value: 0
      objectReference: {fileID: 0}
    - target: {fileID: 4706619441694397559, guid: 9ece5b1a8c16cec42b0bf624c20d0c88, type: 3}
      propertyPath: ForceModule.enabled
      value: 0
      objectReference: {fileID: 0}
    - target: {fileID: 4706619441694397559, guid: 9ece5b1a8c16cec42b0bf624c20d0c88, type: 3}
      propertyPath: CollisionModule.type
      value: 1
      objectReference: {fileID: 0}
    - target: {fileID: 4706619441694397559, guid: 9ece5b1a8c16cec42b0bf624c20d0c88, type: 3}
      propertyPath: ForceModule.y.scalar
      value: 11.97
      objectReference: {fileID: 0}
    - target: {fileID: 4706619441694397559, guid: 9ece5b1a8c16cec42b0bf624c20d0c88, type: 3}
      propertyPath: CollisionModule.enabled
      value: 1
      objectReference: {fileID: 0}
    - target: {fileID: 4706619441694397559, guid: 9ece5b1a8c16cec42b0bf624c20d0c88, type: 3}
      propertyPath: CollisionModule.quality
      value: 0
      objectReference: {fileID: 0}
    - target: {fileID: 4706619441694397559, guid: 9ece5b1a8c16cec42b0bf624c20d0c88, type: 3}
      propertyPath: ForceModule.inWorldSpace
      value: 1
      objectReference: {fileID: 0}
    - target: {fileID: 4706619441694397559, guid: 9ece5b1a8c16cec42b0bf624c20d0c88, type: 3}
      propertyPath: InheritVelocityModule.enabled
      value: 0
      objectReference: {fileID: 0}
    - target: {fileID: 4706619441694397559, guid: 9ece5b1a8c16cec42b0bf624c20d0c88, type: 3}
      propertyPath: InitialModule.maxNumParticles
      value: 250
      objectReference: {fileID: 0}
    - target: {fileID: 4706619441694397559, guid: 9ece5b1a8c16cec42b0bf624c20d0c88, type: 3}
      propertyPath: InitialModule.startSize.scalar
      value: 1.4
      objectReference: {fileID: 0}
    - target: {fileID: 4706619441694397559, guid: 9ece5b1a8c16cec42b0bf624c20d0c88, type: 3}
      propertyPath: VelocityModule.orbitalY.scalar
      value: 0
      objectReference: {fileID: 0}
    - target: {fileID: 4706619441694397559, guid: 9ece5b1a8c16cec42b0bf624c20d0c88, type: 3}
      propertyPath: InitialModule.startSize.minScalar
      value: 0.7
      objectReference: {fileID: 0}
    - target: {fileID: 4706619441694397559, guid: 9ece5b1a8c16cec42b0bf624c20d0c88, type: 3}
      propertyPath: CollisionModule.collidesWithDynamic
      value: 1
      objectReference: {fileID: 0}
    - target: {fileID: 4706619441694397559, guid: 9ece5b1a8c16cec42b0bf624c20d0c88, type: 3}
      propertyPath: InitialModule.gravityModifier.scalar
      value: -5.78
      objectReference: {fileID: 0}
    - target: {fileID: 4706619441694397559, guid: 9ece5b1a8c16cec42b0bf624c20d0c88, type: 3}
      propertyPath: CollisionModule.multiplyColliderForceByParticleSize
      value: 0
      objectReference: {fileID: 0}
    - target: {fileID: 4706619441694397559, guid: 9ece5b1a8c16cec42b0bf624c20d0c88, type: 3}
      propertyPath: CollisionModule.multiplyColliderForceByParticleSpeed
      value: 0
      objectReference: {fileID: 0}
    - target: {fileID: 4706619443340905144, guid: 9ece5b1a8c16cec42b0bf624c20d0c88, type: 3}
      propertyPath: m_RootOrder
      value: 0
      objectReference: {fileID: 0}
    - target: {fileID: 4706619443340905144, guid: 9ece5b1a8c16cec42b0bf624c20d0c88, type: 3}
      propertyPath: m_LocalPosition.x
      value: -0.028
      objectReference: {fileID: 0}
    - target: {fileID: 4706619443340905144, guid: 9ece5b1a8c16cec42b0bf624c20d0c88, type: 3}
      propertyPath: m_LocalPosition.y
      value: 3.452
      objectReference: {fileID: 0}
    - target: {fileID: 4706619443340905144, guid: 9ece5b1a8c16cec42b0bf624c20d0c88, type: 3}
      propertyPath: m_LocalPosition.z
      value: 0.051
      objectReference: {fileID: 0}
    - target: {fileID: 4706619443340905144, guid: 9ece5b1a8c16cec42b0bf624c20d0c88, type: 3}
      propertyPath: m_LocalRotation.w
      value: 0.998535
      objectReference: {fileID: 0}
    - target: {fileID: 4706619443340905144, guid: 9ece5b1a8c16cec42b0bf624c20d0c88, type: 3}
      propertyPath: m_LocalRotation.x
      value: -0.016952783
      objectReference: {fileID: 0}
    - target: {fileID: 4706619443340905144, guid: 9ece5b1a8c16cec42b0bf624c20d0c88, type: 3}
      propertyPath: m_LocalRotation.y
      value: 0.050972346
      objectReference: {fileID: 0}
    - target: {fileID: 4706619443340905144, guid: 9ece5b1a8c16cec42b0bf624c20d0c88, type: 3}
      propertyPath: m_LocalRotation.z
      value: 0.006511323
      objectReference: {fileID: 0}
    - target: {fileID: 4706619443340905145, guid: 9ece5b1a8c16cec42b0bf624c20d0c88, type: 3}
      propertyPath: m_Layer
      value: 7
      objectReference: {fileID: 0}
    - target: {fileID: 4706619443340905145, guid: 9ece5b1a8c16cec42b0bf624c20d0c88, type: 3}
      propertyPath: m_IsActive
      value: 0
      objectReference: {fileID: 0}
    m_RemovedComponents: []
  m_SourcePrefab: {fileID: 100100000, guid: 9ece5b1a8c16cec42b0bf624c20d0c88, type: 3}
--- !u!1 &777681703060734899 stripped
GameObject:
  m_CorrespondingSourceObject: {fileID: 4706619443340905145, guid: 9ece5b1a8c16cec42b0bf624c20d0c88, type: 3}
  m_PrefabInstance: {fileID: 5448128567525869834}
  m_PrefabAsset: {fileID: 0}
--- !u!1001 &7059739011977868516
PrefabInstance:
  m_ObjectHideFlags: 0
  serializedVersion: 2
  m_Modification:
    m_TransformParent: {fileID: 8367258941080555403}
    m_Modifications:
    - target: {fileID: 204445184531583519, guid: 6f1e96bc3e7e2b14ebb6cca761017ae2, type: 3}
      propertyPath: m_RootOrder
      value: 5
      objectReference: {fileID: 0}
    - target: {fileID: 204445184531583519, guid: 6f1e96bc3e7e2b14ebb6cca761017ae2, type: 3}
      propertyPath: m_LocalPosition.x
      value: 1.66
      objectReference: {fileID: 0}
    - target: {fileID: 204445184531583519, guid: 6f1e96bc3e7e2b14ebb6cca761017ae2, type: 3}
      propertyPath: m_LocalPosition.y
      value: 4.96
      objectReference: {fileID: 0}
    - target: {fileID: 204445184531583519, guid: 6f1e96bc3e7e2b14ebb6cca761017ae2, type: 3}
      propertyPath: m_LocalPosition.z
      value: 1.1
      objectReference: {fileID: 0}
    - target: {fileID: 204445184531583519, guid: 6f1e96bc3e7e2b14ebb6cca761017ae2, type: 3}
      propertyPath: m_LocalRotation.w
      value: 0.99983096
      objectReference: {fileID: 0}
    - target: {fileID: 204445184531583519, guid: 6f1e96bc3e7e2b14ebb6cca761017ae2, type: 3}
      propertyPath: m_LocalRotation.x
      value: 0.013523469
      objectReference: {fileID: 0}
    - target: {fileID: 204445184531583519, guid: 6f1e96bc3e7e2b14ebb6cca761017ae2, type: 3}
      propertyPath: m_LocalRotation.y
      value: 0.0012040331
      objectReference: {fileID: 0}
    - target: {fileID: 204445184531583519, guid: 6f1e96bc3e7e2b14ebb6cca761017ae2, type: 3}
      propertyPath: m_LocalRotation.z
      value: 0.01240098
      objectReference: {fileID: 0}
    - target: {fileID: 204445184531583519, guid: 6f1e96bc3e7e2b14ebb6cca761017ae2, type: 3}
      propertyPath: m_LocalEulerAnglesHint.x
      value: 1.5480001
      objectReference: {fileID: 0}
    - target: {fileID: 204445184531583519, guid: 6f1e96bc3e7e2b14ebb6cca761017ae2, type: 3}
      propertyPath: m_LocalEulerAnglesHint.y
      value: 0.157
      objectReference: {fileID: 0}
    - target: {fileID: 204445184531583519, guid: 6f1e96bc3e7e2b14ebb6cca761017ae2, type: 3}
      propertyPath: m_LocalEulerAnglesHint.z
      value: 1.4230001
      objectReference: {fileID: 0}
    - target: {fileID: 3786696154740006924, guid: 6f1e96bc3e7e2b14ebb6cca761017ae2, type: 3}
      propertyPath: m_Name
      value: P_BLD_chimney_v01_03
      objectReference: {fileID: 0}
    - target: {fileID: 3786696154740006924, guid: 6f1e96bc3e7e2b14ebb6cca761017ae2, type: 3}
      propertyPath: m_Layer
      value: 7
      objectReference: {fileID: 0}
    - target: {fileID: 3786696154740006924, guid: 6f1e96bc3e7e2b14ebb6cca761017ae2, type: 3}
      propertyPath: m_StaticEditorFlags
      value: 4294967295
      objectReference: {fileID: 0}
    m_RemovedComponents: []
  m_SourcePrefab: {fileID: 100100000, guid: 6f1e96bc3e7e2b14ebb6cca761017ae2, type: 3}
--- !u!4 &7147053135559862011 stripped
Transform:
  m_CorrespondingSourceObject: {fileID: 204445184531583519, guid: 6f1e96bc3e7e2b14ebb6cca761017ae2, type: 3}
  m_PrefabInstance: {fileID: 7059739011977868516}
  m_PrefabAsset: {fileID: 0}
--- !u!1001 &7277675331624569845
PrefabInstance:
  m_ObjectHideFlags: 0
  serializedVersion: 2
  m_Modification:
    m_TransformParent: {fileID: 8367258941080555403}
    m_Modifications:
    - target: {fileID: 828253498991168594, guid: c7db634c190b67c41bf67a6df50300b0, type: 3}
      propertyPath: m_RootOrder
      value: 12
      objectReference: {fileID: 0}
    - target: {fileID: 828253498991168594, guid: c7db634c190b67c41bf67a6df50300b0, type: 3}
      propertyPath: m_LocalScale.x
      value: 1.2264996
      objectReference: {fileID: 0}
    - target: {fileID: 828253498991168594, guid: c7db634c190b67c41bf67a6df50300b0, type: 3}
      propertyPath: m_LocalScale.y
      value: 1.2265
      objectReference: {fileID: 0}
    - target: {fileID: 828253498991168594, guid: c7db634c190b67c41bf67a6df50300b0, type: 3}
      propertyPath: m_LocalScale.z
      value: 1.2264996
      objectReference: {fileID: 0}
    - target: {fileID: 828253498991168594, guid: c7db634c190b67c41bf67a6df50300b0, type: 3}
      propertyPath: m_LocalPosition.x
      value: -2.74448
      objectReference: {fileID: 0}
    - target: {fileID: 828253498991168594, guid: c7db634c190b67c41bf67a6df50300b0, type: 3}
      propertyPath: m_LocalPosition.y
      value: 1.6565315
      objectReference: {fileID: 0}
    - target: {fileID: 828253498991168594, guid: c7db634c190b67c41bf67a6df50300b0, type: 3}
      propertyPath: m_LocalPosition.z
      value: 0.02205868
      objectReference: {fileID: 0}
    - target: {fileID: 828253498991168594, guid: c7db634c190b67c41bf67a6df50300b0, type: 3}
      propertyPath: m_LocalRotation.w
      value: 0.70715964
      objectReference: {fileID: 0}
    - target: {fileID: 828253498991168594, guid: c7db634c190b67c41bf67a6df50300b0, type: 3}
      propertyPath: m_LocalRotation.x
      value: -0
      objectReference: {fileID: 0}
    - target: {fileID: 828253498991168594, guid: c7db634c190b67c41bf67a6df50300b0, type: 3}
      propertyPath: m_LocalRotation.y
      value: -0.7070539
      objectReference: {fileID: 0}
    - target: {fileID: 828253498991168594, guid: c7db634c190b67c41bf67a6df50300b0, type: 3}
      propertyPath: m_LocalRotation.z
      value: -0
      objectReference: {fileID: 0}
    - target: {fileID: 828253498991168594, guid: c7db634c190b67c41bf67a6df50300b0, type: 3}
      propertyPath: m_LocalEulerAnglesHint.x
      value: 0
      objectReference: {fileID: 0}
    - target: {fileID: 828253498991168594, guid: c7db634c190b67c41bf67a6df50300b0, type: 3}
      propertyPath: m_LocalEulerAnglesHint.y
      value: 0
      objectReference: {fileID: 0}
    - target: {fileID: 828253498991168594, guid: c7db634c190b67c41bf67a6df50300b0, type: 3}
      propertyPath: m_LocalEulerAnglesHint.z
      value: 0
      objectReference: {fileID: 0}
    - target: {fileID: 4406163052936904257, guid: c7db634c190b67c41bf67a6df50300b0, type: 3}
      propertyPath: m_Name
      value: P_PROP_PLANT_pot_v1_04
      objectReference: {fileID: 0}
    - target: {fileID: 4406163052936904257, guid: c7db634c190b67c41bf67a6df50300b0, type: 3}
      propertyPath: m_Layer
      value: 7
      objectReference: {fileID: 0}
    m_RemovedComponents: []
  m_SourcePrefab: {fileID: 100100000, guid: c7db634c190b67c41bf67a6df50300b0, type: 3}
--- !u!4 &8034970445273679783 stripped
Transform:
  m_CorrespondingSourceObject: {fileID: 828253498991168594, guid: c7db634c190b67c41bf67a6df50300b0, type: 3}
  m_PrefabInstance: {fileID: 7277675331624569845}
  m_PrefabAsset: {fileID: 0}
--- !u!1001 &8407011372979893973
PrefabInstance:
  m_ObjectHideFlags: 0
  serializedVersion: 2
  m_Modification:
    m_TransformParent: {fileID: 8367258941080555403}
    m_Modifications:
    - target: {fileID: 472908523024694560, guid: dfc55d85bc17d8f4d87050d8dd17f50e, type: 3}
      propertyPath: m_Name
      value: P_BLD_window_v06_01 (1)
      objectReference: {fileID: 0}
    - target: {fileID: 472908523024694560, guid: dfc55d85bc17d8f4d87050d8dd17f50e, type: 3}
      propertyPath: m_Layer
      value: 7
      objectReference: {fileID: 0}
    - target: {fileID: 472908523024694560, guid: dfc55d85bc17d8f4d87050d8dd17f50e, type: 3}
      propertyPath: m_StaticEditorFlags
      value: 4294967295
      objectReference: {fileID: 0}
    - target: {fileID: 3182911613111788804, guid: dfc55d85bc17d8f4d87050d8dd17f50e, type: 3}
      propertyPath: m_Enabled
      value: 0
      objectReference: {fileID: 0}
    - target: {fileID: 3515976584029982515, guid: dfc55d85bc17d8f4d87050d8dd17f50e, type: 3}
      propertyPath: m_RootOrder
      value: 8
      objectReference: {fileID: 0}
    - target: {fileID: 3515976584029982515, guid: dfc55d85bc17d8f4d87050d8dd17f50e, type: 3}
      propertyPath: m_LocalPosition.x
      value: -0
      objectReference: {fileID: 0}
    - target: {fileID: 3515976584029982515, guid: dfc55d85bc17d8f4d87050d8dd17f50e, type: 3}
      propertyPath: m_LocalPosition.y
      value: 5.478
      objectReference: {fileID: 0}
    - target: {fileID: 3515976584029982515, guid: dfc55d85bc17d8f4d87050d8dd17f50e, type: 3}
      propertyPath: m_LocalPosition.z
      value: -2.77
      objectReference: {fileID: 0}
    - target: {fileID: 3515976584029982515, guid: dfc55d85bc17d8f4d87050d8dd17f50e, type: 3}
      propertyPath: m_LocalRotation.w
      value: 0
      objectReference: {fileID: 0}
    - target: {fileID: 3515976584029982515, guid: dfc55d85bc17d8f4d87050d8dd17f50e, type: 3}
      propertyPath: m_LocalRotation.x
      value: 0
      objectReference: {fileID: 0}
    - target: {fileID: 3515976584029982515, guid: dfc55d85bc17d8f4d87050d8dd17f50e, type: 3}
      propertyPath: m_LocalRotation.y
      value: 1
      objectReference: {fileID: 0}
    - target: {fileID: 3515976584029982515, guid: dfc55d85bc17d8f4d87050d8dd17f50e, type: 3}
      propertyPath: m_LocalRotation.z
      value: 0
      objectReference: {fileID: 0}
    - target: {fileID: 3515976584029982515, guid: dfc55d85bc17d8f4d87050d8dd17f50e, type: 3}
      propertyPath: m_LocalEulerAnglesHint.x
      value: 0
      objectReference: {fileID: 0}
    - target: {fileID: 3515976584029982515, guid: dfc55d85bc17d8f4d87050d8dd17f50e, type: 3}
      propertyPath: m_LocalEulerAnglesHint.y
      value: 180
      objectReference: {fileID: 0}
    - target: {fileID: 3515976584029982515, guid: dfc55d85bc17d8f4d87050d8dd17f50e, type: 3}
      propertyPath: m_LocalEulerAnglesHint.z
      value: 0
      objectReference: {fileID: 0}
    m_RemovedComponents: []
  m_SourcePrefab: {fileID: 100100000, guid: dfc55d85bc17d8f4d87050d8dd17f50e, type: 3}
--- !u!4 &4927208876141476326 stripped
Transform:
  m_CorrespondingSourceObject: {fileID: 3515976584029982515, guid: dfc55d85bc17d8f4d87050d8dd17f50e, type: 3}
  m_PrefabInstance: {fileID: 8407011372979893973}
  m_PrefabAsset: {fileID: 0}
--- !u!1001 &9196194167788102178
PrefabInstance:
  m_ObjectHideFlags: 0
  serializedVersion: 2
  m_Modification:
    m_TransformParent: {fileID: 8367258941080555403}
    m_Modifications:
    - target: {fileID: 828253498991168594, guid: c7db634c190b67c41bf67a6df50300b0, type: 3}
      propertyPath: m_RootOrder
      value: 13
      objectReference: {fileID: 0}
    - target: {fileID: 828253498991168594, guid: c7db634c190b67c41bf67a6df50300b0, type: 3}
      propertyPath: m_LocalScale.x
      value: 1.2264996
      objectReference: {fileID: 0}
    - target: {fileID: 828253498991168594, guid: c7db634c190b67c41bf67a6df50300b0, type: 3}
      propertyPath: m_LocalScale.y
      value: 1.2265
      objectReference: {fileID: 0}
    - target: {fileID: 828253498991168594, guid: c7db634c190b67c41bf67a6df50300b0, type: 3}
      propertyPath: m_LocalScale.z
      value: 1.2264996
      objectReference: {fileID: 0}
    - target: {fileID: 828253498991168594, guid: c7db634c190b67c41bf67a6df50300b0, type: 3}
      propertyPath: m_LocalPosition.x
      value: 0.009913722
      objectReference: {fileID: 0}
    - target: {fileID: 828253498991168594, guid: c7db634c190b67c41bf67a6df50300b0, type: 3}
      propertyPath: m_LocalPosition.y
      value: 1.299
      objectReference: {fileID: 0}
    - target: {fileID: 828253498991168594, guid: c7db634c190b67c41bf67a6df50300b0, type: 3}
      propertyPath: m_LocalPosition.z
      value: -3.2979999
      objectReference: {fileID: 0}
    - target: {fileID: 828253498991168594, guid: c7db634c190b67c41bf67a6df50300b0, type: 3}
      propertyPath: m_LocalRotation.w
      value: 0.00010079144
      objectReference: {fileID: 0}
    - target: {fileID: 828253498991168594, guid: c7db634c190b67c41bf67a6df50300b0, type: 3}
      propertyPath: m_LocalRotation.x
      value: -0
      objectReference: {fileID: 0}
    - target: {fileID: 828253498991168594, guid: c7db634c190b67c41bf67a6df50300b0, type: 3}
      propertyPath: m_LocalRotation.y
      value: -1
      objectReference: {fileID: 0}
    - target: {fileID: 828253498991168594, guid: c7db634c190b67c41bf67a6df50300b0, type: 3}
      propertyPath: m_LocalRotation.z
      value: -0
      objectReference: {fileID: 0}
    - target: {fileID: 828253498991168594, guid: c7db634c190b67c41bf67a6df50300b0, type: 3}
      propertyPath: m_LocalEulerAnglesHint.x
      value: 0
      objectReference: {fileID: 0}
    - target: {fileID: 828253498991168594, guid: c7db634c190b67c41bf67a6df50300b0, type: 3}
      propertyPath: m_LocalEulerAnglesHint.y
      value: 0
      objectReference: {fileID: 0}
    - target: {fileID: 828253498991168594, guid: c7db634c190b67c41bf67a6df50300b0, type: 3}
      propertyPath: m_LocalEulerAnglesHint.z
      value: 0
      objectReference: {fileID: 0}
    - target: {fileID: 4406163052936904257, guid: c7db634c190b67c41bf67a6df50300b0, type: 3}
      propertyPath: m_Name
      value: P_PROP_PLANT_pot_v1_04 (1)
      objectReference: {fileID: 0}
    - target: {fileID: 4406163052936904257, guid: c7db634c190b67c41bf67a6df50300b0, type: 3}
      propertyPath: m_Layer
      value: 7
      objectReference: {fileID: 0}
    m_RemovedComponents: []
  m_SourcePrefab: {fileID: 100100000, guid: c7db634c190b67c41bf67a6df50300b0, type: 3}
--- !u!4 &8422292002704502384 stripped
Transform:
  m_CorrespondingSourceObject: {fileID: 828253498991168594, guid: c7db634c190b67c41bf67a6df50300b0, type: 3}
  m_PrefabInstance: {fileID: 9196194167788102178}
  m_PrefabAsset: {fileID: 0}
--- !u!1001 &9208532175147341917
PrefabInstance:
  m_ObjectHideFlags: 0
  serializedVersion: 2
  m_Modification:
    m_TransformParent: {fileID: 8367258941080555403}
    m_Modifications:
    - target: {fileID: 1547818514608693439, guid: d373a2535863d4f4fa91a97cb91d5f3d, type: 3}
      propertyPath: m_RootOrder
      value: 6
      objectReference: {fileID: 0}
    - target: {fileID: 1547818514608693439, guid: d373a2535863d4f4fa91a97cb91d5f3d, type: 3}
      propertyPath: m_LocalPosition.x
      value: 0.01
      objectReference: {fileID: 0}
    - target: {fileID: 1547818514608693439, guid: d373a2535863d4f4fa91a97cb91d5f3d, type: 3}
      propertyPath: m_LocalPosition.y
      value: 2.14
      objectReference: {fileID: 0}
    - target: {fileID: 1547818514608693439, guid: d373a2535863d4f4fa91a97cb91d5f3d, type: 3}
      propertyPath: m_LocalPosition.z
      value: -2.87
      objectReference: {fileID: 0}
    - target: {fileID: 1547818514608693439, guid: d373a2535863d4f4fa91a97cb91d5f3d, type: 3}
      propertyPath: m_LocalRotation.w
      value: 0.00010079144
      objectReference: {fileID: 0}
    - target: {fileID: 1547818514608693439, guid: d373a2535863d4f4fa91a97cb91d5f3d, type: 3}
      propertyPath: m_LocalRotation.x
      value: -0
      objectReference: {fileID: 0}
    - target: {fileID: 1547818514608693439, guid: d373a2535863d4f4fa91a97cb91d5f3d, type: 3}
      propertyPath: m_LocalRotation.y
      value: -1
      objectReference: {fileID: 0}
    - target: {fileID: 1547818514608693439, guid: d373a2535863d4f4fa91a97cb91d5f3d, type: 3}
      propertyPath: m_LocalRotation.z
      value: -0
      objectReference: {fileID: 0}
    - target: {fileID: 1547818514608693439, guid: d373a2535863d4f4fa91a97cb91d5f3d, type: 3}
      propertyPath: m_LocalEulerAnglesHint.x
      value: 0
      objectReference: {fileID: 0}
    - target: {fileID: 1547818514608693439, guid: d373a2535863d4f4fa91a97cb91d5f3d, type: 3}
      propertyPath: m_LocalEulerAnglesHint.y
      value: -179.988
      objectReference: {fileID: 0}
    - target: {fileID: 1547818514608693439, guid: d373a2535863d4f4fa91a97cb91d5f3d, type: 3}
      propertyPath: m_LocalEulerAnglesHint.z
      value: 0
      objectReference: {fileID: 0}
    - target: {fileID: 2531495118814368428, guid: d373a2535863d4f4fa91a97cb91d5f3d, type: 3}
      propertyPath: m_Name
      value: P_BLD_window_v01_01
      objectReference: {fileID: 0}
    - target: {fileID: 2531495118814368428, guid: d373a2535863d4f4fa91a97cb91d5f3d, type: 3}
      propertyPath: m_Layer
      value: 7
      objectReference: {fileID: 0}
    - target: {fileID: 2531495118814368428, guid: d373a2535863d4f4fa91a97cb91d5f3d, type: 3}
      propertyPath: m_StaticEditorFlags
      value: 4294967295
      objectReference: {fileID: 0}
    m_RemovedComponents: []
  m_SourcePrefab: {fileID: 100100000, guid: d373a2535863d4f4fa91a97cb91d5f3d, type: 3}
--- !u!4 &7688123420402235618 stripped
Transform:
  m_CorrespondingSourceObject: {fileID: 1547818514608693439, guid: d373a2535863d4f4fa91a97cb91d5f3d, type: 3}
  m_PrefabInstance: {fileID: 9208532175147341917}
  m_PrefabAsset: {fileID: 0}
